 Dungeon Crawl Stone Soup version 0.20-a0-1124-g2e29d97 (webtiles) character file.

3374 MydosGodOfBeginnings the Frost Mage (level 9, 0/67 HPs)
             Began as a Demigod Ice Elementalist on May 15, 2017.
             Slain by a phantom (5 damage)
             ... on level 8 of the Dungeon.
             The game lasted 00:40:06 (10561 turns).

MydosGodOfBeginnings the Frost Mage (DgIE)         Turns: 10561, Time: 00:40:07

Health: 0/67       AC:  5    Str: 11    XL:     9   Next: 45%
Magic:  0/23       EV: 12    Int: 25    God:
Gold:   408        SH:  0    Dex: 16    Spells: 4/21 levels left

rFire    . . .     SeeInvis .   E - +2 dire flail (venom)
rCold    . . .     Gourm    .   (shield currently unavailable)
rNeg     . . .     Faith    .   a - +0 robe
rPois    .         Spirit   .   (no helmet)
rElec    .         Reflect  .   D - +0 cloak
rCorr    .         Harm     .   I - +0 pair of gloves
MR       .....                  e - +0 pair of boots
Stlth    ++........             (no amulet)
Regen    0.3/turn               (no ring)
MPRegen  0.2/turn               (no ring)

@: no status effects
A: high mp 1
a: no special abilities


You were on level 8 of the Dungeon.
You were not hungry.

You visited 1 branch of the dungeon, and saw 8 of its levels.

You collected 408 gold pieces.

Inventory:

Hand Weapons
 E - a +2 dire flail of venom (weapon)
 L - the cursed +1 falchion "Waerphux" {slice, Dex+2 Stlth+}
   (You found it on level 7 of the Dungeon)

   It inflicts extra damage upon your enemies.
   It affects your dexterity (+2).
   It makes you more stealthy.
   It has a curse placed upon it.
Armour
 a - a +0 robe (worn)
 e - a +0 pair of boots (worn)
 g - a +0 buckler
 D - a +0 cloak (worn)
 I - a +0 pair of gloves (worn)
Wands
 j - a wand of acid (10/15)
 p - a wand of paralysis (2/24)
 B - a wand of random effects (21/48)
 G - a wand of clouds (5/9)
 H - a wand of digging (10/24)
Scrolls
 d - 7 scrolls of identify
 i - 2 scrolls of fear {unknown}
 k - 3 scrolls of immolation {unknown}
 m - 4 scrolls of fog {unknown}
 n - 4 scrolls of remove curse
 v - 2 scrolls of magic mapping {unknown}
 y - a scroll of noise {unknown}
 z - 4 scrolls of enchant weapon
 C - a scroll of recharging {unknown}
 M - a scroll of teleportation {unknown}
Potions
 f - 6 potions of curing
 l - 2 potions of degeneration {unknown}
 q - a potion of flight {unknown}
 r - 2 potions of agility {unknown}
 s - a potion of lignification {unknown}
 t - a potion of might {unknown}
 u - a potion of haste {unknown}
 w - 2 potions of brilliance {unknown}
 x - a potion of heal wounds {unknown}
 A - a potion of magic {unknown}
 F - a potion of mutation {unknown}
Books
 b - a book of Frost

   Spells                             Type                      Level
   a - Freeze                         Ice                          1
   b - Throw Frost                    Conjuration/Ice              2
   c - Ozocubu's Armour               Charms/Ice                   3
   d - Throw Icicle                   Conjuration/Ice              4
   e - Summon Ice Beast               Ice/Summoning                4
 J - a book of Misfortune

   Spells                             Type                      Level
   a - Confusing Touch                Hexes                        1
   b - Confuse                        Hexes                        3
   c - Gell's Gravitas                Translocation                3
   d - Petrify                        Transmutation/Earth          4
   e - Metabolic Englaciation         Hexes/Ice                    5
   f - Yara's Violent Unravelling     Hexes/Transmutation          5
Comestibles
 c - 4 bread rations
 h - 4 meat rations
 o - 4 royal jellies


   Skills:
 + Level 2.1 Fighting
 - Level 1.7 Dodging
 - Level 1.7 Stealth
 + Level 6.9 Spellcasting
 + Level 4.0 Conjurations
 + Level 0.3 Hexes
 * Level 2.4 Summonings
 * Level 9.2 Ice Magic


You had 4 spell levels left.
You knew the following spells:

 Your Spells              Type           Power        Failure   Level  Hunger
a - Freeze                Ice            ####         1%          1    None
b - Throw Frost           Conj/Ice       #####.       1%          2    None
c - Ozocubu's Armour      Chrm/Ice       ####....     3%          3    None
d - Throw Icicle          Conj/Ice       #####...     4%          4    ###....
e - Summon Ice Beast      Ice/Summ       #####...     6%          4    ###....
f - Confuse               Hex            ##......     19%         3    None


Dungeon Overview and Level Annotations

Branches:
Dungeon (8/15)             Temple (0/1) D:5
   Lair: D:8-11

Shops:
D:7 }


Innate Abilities, Weirdness & Mutations

You have an increased reservoir of magic. (+10% MP)


Message History

The two-headed ogre is almost dead.
The phantom misses you.
The two-headed ogre closely misses you. x2
Casting: Throw Icicle
Confirm with . or Enter, or press ? or * to list all spells.
Aiming: Throw Icicle
Press: ? - help, Shift-Dir - straight line, f/p - two-headed ogre
Aim: a two-headed ogre, wielding a giant club and a giant spiked club (almost dead) Really fire in your ice beast's direction?
The shard of ice hits the two-headed ogre.
You kill the two-headed ogre!
Your Fighting skill increases to level 2!
Your Conjurations skill increases to level 4!
Your Summonings skill increases to level 2!
The phantom hits you!
* * * LOW HITPOINT WARNING * * *
The bullfrog hits your ice beast.
Your ice beast hits the bullfrog.
Your ice beast freezes the bullfrog!
An orc warrior comes into view. It is wielding a glaive.
The phantom hits you.
You die...

...#...#.........#
...#...#...#..#.###
......o..........#
..#...#...#......##
.#...#...#..$<....#
#!..#?..#[.....%#.#
#...#...#F.#####
..#...#..Y#.#
.......W@...#
$..?>.?.!####
##########


You could see a phantom, an orc warrior, a bullfrog and a friendly ice beast.

Vanquished Creatures
  A two-headed ogre (D:8)
  Eustachio (D:5)
  A steam dragon (D:4)
  2 sky beasts
  An orc warrior (D:6)
  2 phantoms
  A necrophage (D:6)
  2 bullfrogs (D:7)
  8 scorpions
  5 wights (D:5)
  4 crimson imps
  2 bullfrog zombies
  A jelly (D:6)
  A gnoll shaman (D:7)
  A centaur skeleton (D:5)
  4 hounds
  4 orc priests
  Ijyb (D:3)
  2 iguanas
  8 orc wizards
  8 worker ants
  A killer bee zombie (D:5)
  A worker ant zombie (D:6)
  8 adders
  7 gnolls
  A shadow imp (D:6)
  2 oozes
  5 worms
  6 leopard geckos
  21 orcs
  5 bats
  7 giant cockroaches
  7 goblins
  7 hobgoblins
  6 jackals
  9 kobolds
  3 quokkas
  A ball python (D:3)
  4 frilled lizards
  A leopard gecko zombie (D:5)
  A quokka skeleton (D:7)
  A quokka zombie (D:5)
  11 rats
175 creatures vanquished.

Vanquished Creatures (collateral kills)
  A hungry ghost (D:7)
1 creature vanquished.

Vanquished Creatures (others)
  An adder (D:4)
1 creature vanquished.

Grand Total: 177 creatures vanquished

Notes
Turn   | Place    | Note
-------+----------+-------------------------------------------
     0 | D:1      | MydosGodOfBeginnings the Demigod Ice Elementalist began the quest for the Orb.
     0 | D:1      | Reached XP level 1. HP: 14/14 MP: 5/5
   207 | D:1      | Reached skill level 3 in Ice Magic
   246 | D:1      | Reached XP level 2. HP: 18/20 MP: 2/7
   277 | D:1      | Learned a level 2 spell: Throw Frost
   886 | D:2      | Reached XP level 3. HP: 26/26 MP: 4/8
   910 | D:2      | Learned a level 3 spell: Ozocubu's Armour
   980 | D:2      | Reached skill level 1 in Conjurations
  1045 | D:2      | Found a shadowy altar of Dithmenos.
  2372 | D:2      | Reached skill level 4 in Ice Magic
  2600 | D:3      | Noticed Ijyb
  2601 | D:3      | Paralysed by Ijyb for 5 turns
  2613 | D:3      | Paralysed by Ijyb for 6 turns
  2629 | D:3      | Killed Ijyb
  2629 | D:3      | Reached XP level 4. HP: 32/33 MP: 0/10
  3085 | D:3      | Reached XP level 5. HP: 39/39 MP: 10/12
  3157 | D:3      | Learned a level 4 spell: Throw Icicle
  3263 | D:3      | Found a faded altar of an unknown god.
  3353 | D:3      | Found a shattered altar of Ashenzari.
  3354 | D:3      | Found a radiant altar of Vehumet.
  3769 | D:3      | Found a deep blue altar of Sif Muna.
  3769 | D:3      | Found a hide-covered altar of Uskayaw.
  3836 | D:3      | Noticed a moth of wrath
  3854 | D:3      | Found a bloodstained altar of Trog.
  4060 | D:4      | Noticed a steam dragon
  4236 | D:4      | Killed a steam dragon
  4236 | D:4      | Reached skill level 5 in Ice Magic
  4236 | D:4      | Reached XP level 6. HP: 23/46 MP: 2/14
  4771 | D:4      | Reached XP level 7. HP: 51/51 MP: 8/16
  5057 | D:5      | Entered Level 5 of the Dungeon
  5341 | D:5      | Reached skill level 6 in Ice Magic
  6202 | D:5      | Found a staircase to the Ecumenical Temple.
  6504 | D:5      | Reached skill level 1 in Fighting
  6578 | D:5      | Found a radiant altar of Vehumet.
  6842 | D:5      | Reached skill level 5 in Spellcasting
  6977 | D:5      | Found a burning altar of Makhleb.
  7150 | D:5      | Reached skill level 7 in Ice Magic
  7186 | D:5      | Reached XP level 8. HP: 53/59 MP: 6/19
  7774 | D:6      | Found a blossoming altar of Fedhas.
  8224 | D:6      | Noticed Eustachio
  8451 | D:5      | Killed Eustachio
  8451 | D:5      | Reached skill level 8 in Ice Magic
  8877 | D:5      | Learned a level 4 spell: Summon Ice Beast
  9585 | D:7      | Reached skill level 1 in Summonings
  9585 | D:7      | Reached XP level 9. HP: 56/64 MP: 19/22
  9608 | D:7      | Got an ancient falchion
  9609 | D:7      | Identified the cursed +1 falchion "Waerphux" {slice, Dex+2 Stlth+} (You found it on level 7 of the Dungeon)
  9614 | D:7      | Learned a level 3 spell: Confuse
  9730 | D:7      | Found Zanasch's Gadget Shoppe.
 10295 | D:8      | Noticed a two-headed ogre
 10426 | D:7      | Reached skill level 9 in Ice Magic
 10560 | D:8      | Killed a two-headed ogre
 10561 | D:8      | Slain by a phantom

Vault maps used:
D:1:      dpeg_arrival_short_road, amethyst_killhole
D:2:      old_standard_altar
D:3:      tgw_trog, gammafunk_temple_overflow_pools, minitemple,
          chequers_ecumenical_altar_simple_redux, kennysheep_flooded_box,
          uniq_ijyb
D:4:      first_bread, uniq_eustachio
D:5:      kb_forest_paths, makhleb_heckhound_becter, minmay_temple_entry_glass,
          basic_altar
D:6:      kennysheep_little_box
D:7:      serial_shops, nicolae_shop_stone
D:8:      cheibrodos_fzero, serial_shops, nicolae_shop_crystal,
          nicolae_shop_waterfront, fedhas_altar_4

Skill      XL: |  1  2  3  4  5  6  7  8  9 |
---------------+----------------------------+-----
Ice Magic      | 3 4 5 7 8 9 |  9.2
Spellcasting   | 2 3 4 5 6 |  6.9
Conjurations   | 1 2 3 4 |  4.0
Fighting       | 1 2 |  2.1
Summonings     | 1 2 |  2.4
Dodging        | |  1.7
Stealth        | |  1.7
Hexes          | |  0.3

Action                   |  1- 3 |  4- 6 |  7- 9 || total
-------------------------+-------+-------+-------++-------
Melee: Unarmed           |    11 |     2 |    40 ||    53
       Dire flail        |       |       |    96 ||    96
 Cast: Freeze            |    74 |    76 |   120 ||   270
       Throw Frost       |    27 |    28 |    15 ||    70
       Ozocubu's Armour  |     1 |       |       ||     1
       Throw Icicle      |       |       |    59 ||    59
       Summon Ice Beast  |       |       |     4 ||     4
       Confuse           |       |       |     2 ||     2
  Use: Scroll            |       |       |     4 ||     4
       Potion            |       |       |     1 ||     1
 Stab: Sleeping          |       |       |     3 ||     3
  Eat: Chunk             |     7 |     7 |    10 ||    24
       Fruit             |       |       |     5 ||     5
       Meat ration       |       |       |     2 ||     2
       Bread ration      |       |       |     1 ||     1
Armor: Robe              |     8 |    11 |    64 ||    83
Dodge: Dodged            |    36 |    45 |   157 ||   238
